 Dungeon Crawl Stone Soup version bcrawl-1.32 (webtiles) character file.

Game seed: 17438375653005834531

650995 Morbidden the Basher (level 13, -7/148 HPs)
             Began as an Ent Archaeologist on June 28, 2021.
             Was an Elder of Cheibriados.
             Mangled by a skeletal warrior
             ... wielding a +0 trident
              (13 damage)
             ... on level 12 of the Dungeon.
             The game lasted 00:15:43 (9597 turns).

Morbidden the Basher (Ent Archaeologist)            Turns: 9597, Time: 00:15:44

Health: -7/148     AC: 22    Str: 33    XL:     13   Next: 16%
Magic:  23/23      EV: 17    Int: 30    God:    Cheibriados [****..]
Gold:   829        SH:  0    Dex: 18    Spells: 25/25 levels left

rFire    . . .     SeeInvis .   a - +9 demon whip of the Realm of Zot {venom, MR+ Str+4}
rCold    . . .     Gourm    .   (no shield)
rNeg     + + +     Faith    .   (armour unavailable)
rPois    +         Spirit   .   o - +2 hat
rElec    .         Reflect  .   (no cloak)
rCorr    .         Harm     .   (gloves unavailable)
MR       +++..                  (boots unavailable)
Stlth    ++++......             E - amulet of regeneration
HPRegen  1.03/turn              q - ring of protection from magic
MPRegen  0.18/turn              (no ring)

@: very slow
A: large, slow actions, passwall, strong branches, negative energy resistance 3,
poison resistance, slow metabolism 1, torment resistance, unbreathing, AC +20
a: Passwall, Bend Time, Temporal Distortion, Slouch, Renounce Religion


You were on level 12 of the Dungeon.
You worshipped Cheibriados.
Cheibriados was greatly pleased with you.
You were hungry.

You visited 2 branches of the dungeon, and saw 13 of its levels.

You collected 1257 gold pieces.
You spent 428 gold pieces at shops.

Inventory:

Hand Weapons
 a - the +9 demon whip of the Realm of Zot (weapon) {venom, MR+ Str+4}
   (You acquired it on level 3 of the Dungeon)

   It poisons the flesh of those it strikes.
   It affects your strength (+4).
   It affects your resistance to hostile enchantments.
 b - a +0 blowgun
Missiles
 d - 6 curare-tipped needles
 j - 111 poisoned needles
 r - 63 needles of confusion
 y - 1191 bolts
 L - 163 javelins (quivered)
 M - 61 large rocks
 N - a throwing net {=f}
Armour
 o - a +2 hat (worn)
 J - a +1 cloak
 K - a +0 medium shield
 Q - a cursed +0 cloak
Jewellery
 q - a ring of protection from magic (left hand)
 E - an amulet of regeneration (around neck)
 P - the ring of Hepliaklqana's Reproof {+Fly rN+}
   (You took it off a tengu warrior on level 12 of the Dungeon)

   [ring of flight]

   It protects you from negative energy.
   It lets you fly.
Wands
 c - a wand of clouds (3)
 F - a wand of polymorph (25)
 G - a wand of flame (33)
Scrolls
 g - 3 scrolls of magic mapping
 h - 2 scrolls of enchant weapon {unknown}
 i - 11 scrolls of identify
 l - 2 scrolls of remove curse
 n - a scroll of immolation {unknown}
 s - a scroll of noise {unknown}
 t - 3 scrolls of amnesia
 v - a scroll of blinking {unknown}
 A - a scroll of fog {unknown}
 B - 2 scrolls of enchant armour {unknown}
Potions
 k - a potion of mutation {unknown}
 m - 7 potions of curing
 u - 2 potions of lignification {unknown}
 w - a potion of cancellation {unknown}
 x - 6 potions of flight {unknown}
 z - a potion of ambrosia {unknown}
 C - 2 potions of haste {unknown}
 D - a potion of magic {unknown}
 H - 4 potions of degeneration {unknown}
 I - a potion of agility
 R - a potion of brilliance {unknown}
Comestibles
 e - 27 rations {!d}


   Skills:
 * Level 11.3 Fighting
 * Level 14.6 Maces & Flails
 + Level 0.1 Throwing
 * Level 10.4 Dodging
 + Level 7.0 Stealth
 * Level 3.0 Shields
 + Level 0.5 Unarmed Combat
 * Level 6.9 Spellcasting
 * Level 7.7 Invocations


You had 25 spell levels left.
You didn't know any spells.
Your spell library contained the following spells:

 Spells                   Type           Power        Failure   Level  Hunger
 Corona                   Hex            ##.....      4%          1    None
 Ensorcelled Hibernation  Hex/Ice        ##....       8%          2    None
 Sticks to Snakes         Tmut           ##......     8%          2    None
 Confuse                  Hex            ##......     14%         3    None
 Dazzling Orbs            Conj/Hex       ##.....      14%         3    None
 Tukima's Dance           Hex            ##......     14%         3    None
 Cause Fear               Hex            ##........   43%         4    ####...
 Borgnjor's Vile Clutch   Necr/Erth      ##........   100%        6    ######.
 Darkness                 Hex            ##........   100%        6    ######.
 Infestation              Hex/Tmut/Pois  ##.......    100%        6    ######.
 Shadow Creatures         Summ           N/A          100%        6    ######.
 Time Stop                Chrm/Tloc      N/A          100%        8    #######
 Beastly Appendage        Tmut           Unusable     N/A         1    N/A
 Passwall                 Tmut/Erth      Unusable     N/A         2    N/A
 Spider Form              Tmut/Pois      Unusable     N/A         3    N/A
 Ice Form                 Ice/Tmut       Unusable     N/A         4    N/A
 Blade Hands              Tmut           Unusable     N/A         5    N/A

Dungeon Overview and Level Annotations

Branches:
Dungeon (12/12)            Temple (1/1) D:6            Lair (0/6) D:7
    Orc (0/1) D:9          Vaults (0/3) D:11         Depths (0/5) D:12

Altars:
Ashenzari
Cheibriados
Dithmenos
Elyvilon
Fedhas
Hepliaklqana
Kikubaaqudgha
Makhleb
Nemelex Xobeh
Okawaru
Qazlal
Ru
Sif Muna
Uskayaw
Vehumet
Wu Jian
Xom
Yredelemnul
Zin

Shops:
D:6 *   D:7 }==[(   D:10 *   D:12 !


Innate Abilities, Weirdness & Mutations

You move and act slowly.
You can pass through walls and trees.
Your branches can wield two-handed weapons with a shield.
Your thick bark is tough. (AC +20)
You are too large for most types of armour.
You are immune to negative energy. (rN+++)
Your system is resistant to poisons. (rPois)
You have a slow metabolism.
You are immune to unholy pain and torment.
You can survive without breathing.


Message History

* * * LOW HITPOINT WARNING * * *
The flayed ghost hits you!
* * * LOW HITPOINT WARNING * * *
The phantasmal warrior hits you but does no damage.
Something hits you but does no damage. Something bites you but does no damage.
No path to travel!
Unknown command.
Unknown command.
You whack something!
The skeletal warrior completely misses you.
Unknown command.
Unknown command.
Unknown command.
You feel much better. Something closely misses you.
Something bites you but does no damage. The flayed ghost hits you.
* * * LOW HITPOINT WARNING * * *
The phantasmal warrior hits you!!
* * * LOW HITPOINT WARNING * * *
The skeletal warrior hits you from afar with a +0 trident!
You die...

#....P....P....##
#..8...........#
#.8....8..PP..8#
#....P.....○8.#
##..........§#
............○Z##
......#######zZ#
...... ##§##
...... #@W# .....
##W# ..... .# ..
#.# .. #.# .#


You could see a skeletal warrior, a flayed ghost, a phantasmal warrior, a stone
giant zombie and a frost giant skeleton.

Vanquished Creatures
  The ghost of Maksi666 the Fighter, a journeyman MiBe of Gozag (D:11)
  Urug (D:11)
  4 vault guards (D:11)
  A hydra (D:9)
  Psyche (D:11)
  A centaur warrior (D:10)
  A catoblepas (D:11)
  5 two-headed ogres
  2 tengu warriors (D:12)
  A necromancer (D:12)
  6 ugly things
  A manticore (D:11)
  A yaktaur (D:9)
  3 komodo dragons
  A queen bee (D:11)
  A tengu conjurer (D:12)
  Maurice (D:11)
  9 trolls
  Grinder (D:4)
  2 hornets (D:11)
  6 slime creatures (D:12)
  3 hippogriffs
  2 shadows
  5 yaks
  2 wraiths
  2 basilisks (D:7)
  An acid dragon (D:10)
  2 crocodiles (D:7)
  A water moccasin (D:7)
  Duvessa (D:5)
  8 orc warriors
  5 phantoms
  A swamp drake (D:7)
  3 ice beasts
  2 sky beasts
  10 ogres
  An eye of draining (D:10)
  7 centaurs
  4 big kobolds
  7 bullfrogs
  Dowan (D:5)
  2 scorpions
  17 killer bees
  11 wights
  5 crimson imps
  3 centaur skeletons
  A jelly (D:9)
  6 orc priests
  A bullfrog skeleton (D:5)
  7 hounds
  10 orc wizards
  3 iguanas
  11 worker ants
  10 adders
  A howler monkey skeleton (D:4)
  2 shadow imps
  2 oozes (D:3)
  An adder skeleton (D:5)
  3 worms
  5 dart slugs
  8 leopard geckos
  32 orcs
  2 giant cockroaches (D:2)
  4 goblins
  7 hobgoblins
  4 jackals (D:2)
  6 quokkas
  3 ball pythons
  6 bats
  4 frilled lizards
  19 kobolds
  9 rats
323 creatures vanquished.

Vanquished Creatures (others)
  A plant (D:8)
  6 withered plants (D:12)
7 creatures vanquished.

Grand Total: 330 creatures vanquished

Notes
Turn   | Place    | Note
-------+----------+-------------------------------------------
     0 | D:1      | Morbidden the Ent Archaeologist began the quest for the
                  | Orb.
     0 | D:1      | Reached XP level 1. HP: 21/21 MP: 1/1
   212 | D:1      | Reached XP level 2. HP: 28/29 MP: 2/2
   712 | D:1      | Reached XP level 3. HP: 35/36 MP: 3/3
  1429 | D:2      | Reached XP level 4. HP: 38/44 MP: 4/4
  1471 | D:3      | Reached skill level 2 in Maces & Flails
  2091 | D:3      | Reached XP level 5. HP: 47/53 MP: 5/5
  2091 | D:3      | Identified a scroll of acquirement
  2091 | D:3      | Identified the +9 demon whip of the Realm of Zot {venom,
                  | MR+ Str+4} (You acquired it on level 3 of the Dungeon)
  2091 | D:3      | Identified the ring "Waablir" {Fire rPois rN++ Str-5 Dex-2}
                  | (You acquired it on level 3 of the Dungeon)
  2451 | D:4      | Noticed a sky beast
  2457 | D:4      | Killed a sky beast
  2490 | D:4      | Reached skill level 5 in Dodging
  2490 | D:4      | Reached XP level 6. HP: 61/64 MP: 6/6
  2511 | D:4      | Noticed Grinder
  2523 | D:4      | Killed Grinder
  2524 | D:4      | Reached skill level 3 in Maces & Flails
  2533 | D:4      | Reached XP level 7. HP: 51/72 MP: 7/7
  2649 | D:4      | Reached skill level 4 in Maces & Flails
  2781 | D:4      | Found a sacrificial altar of Ru.
  2948 | D:4      | Found a burning altar of Makhleb.
  2997 | D:5      | Entered Level 5 of the Dungeon
  3010 | D:5      | Reached skill level 5 in Maces & Flails
  3049 | D:5      | Found a blossoming altar of Fedhas.
  3104 | D:5      | Reached skill level 6 in Maces & Flails
  3105 | D:5      | Reached XP level 8. HP: 71/84 MP: 8/8
  3164 | D:5      | Reached skill level 7 in Maces & Flails
  3220 | D:5      | Noticed Duvessa
  3223 | D:5      | Noticed Dowan
  3227 | D:5      | Killed Duvessa
  3228 | D:5      | Reached skill level 5 in Fighting
  3236 | D:5      | Killed Dowan
  3237 | D:5      | Reached skill level 5 in Stealth
  3456 | D:6      | Reached skill level 8 in Maces & Flails
  3500 | D:6      | Found Hian's Assorted Antiques.
  3546 | D:6      | Reached skill level 1 in Spellcasting
  3642 | D:6      | Reached XP level 9. HP: 92/95 MP: 11/11
  3644 | D:6      | Reached skill level 9 in Maces & Flails
  3983 | D:6      | Found a staircase to the Ecumenical Temple.
  4018 | Temple   | Entered the Ecumenical Temple
  4047 | Temple   | Became a worshipper of Cheibriados the Contemplative
  4269 | D:7      | Found Ragauzue's Jewellery Shop.
  4276 | D:7      | Bought a cursed amulet of regeneration for 348 gold pieces
  4370 | D:7      | Found Xiycaw's Jewellery Shop.
  4391 | D:7      | Noticed a komodo dragon
  4398 | D:7      | Reached skill level 10 in Maces & Flails
  4399 | D:7      | Killed a komodo dragon
  4400 | D:7      | Reached skill level 1 in Invocations
  4413 | D:7      | Noticed a troll
  4420 | D:7      | Killed a troll
  4480 | D:7      | Reached skill level 11 in Maces & Flails
  4510 | D:7      | Found Move's Antique Weapon Emporium.
  4532 | D:7      | Found Maq Emme's Armour Shop.
  4712 | D:7      | Noticed a two-headed ogre
  4720 | D:7      | Killed a two-headed ogre
  4721 | D:7      | Reached XP level 10. HP: 97/107 MP: 14/14
  4820 | D:7      | Reached * piety under Cheibriados
  4851 | D:7      | Found a basalt altar of Yredelemnul.
  4914 | D:7      | Found a staircase to the Lair.
  4990 | D:7      | Found Askuydgh's Gadget Shoppe.
  5143 | D:8      | Found a white marble altar of Elyvilon.
  5230 | D:8      | Reached ** piety under Cheibriados
  5231 | D:8      | Reached skill level 12 in Maces & Flails
  5272 | D:8      | Got a scorched quarterstaff
  5306 | D:8      | Found an iron altar of Okawaru.
  5677 | D:8      | Noticed a two-headed ogre
  5686 | D:8      | Killed a two-headed ogre
  5976 | D:9      | Noticed a six-headed hydra
  5984 | D:9      | Killed a six-headed hydra
  6147 | D:9      | Reached XP level 11. HP: 113/120 MP: 17/17
  6492 | D:9      | Found a shattered altar of Ashenzari.
  6510 | D:9      | Got a brightly glowing long sword
  6525 | D:9      | Identified the +1 long sword "Tounur" {elec, Int+6} (You
                  | found it on level 9 of the Dungeon)
  6528 | D:9      | Identified the +9 quarterstaff of Ubounn {freeze, Fragile
                  | +Blink rN++} (You found it on level 8 of the Dungeon)
  6775 | D:9      | Reached *** piety under Cheibriados
  6877 | D:9      | Reached skill level 5 in Invocations
  6932 | D:9      | Found a staircase to the Orcish Mines.
  7181 | D:9      | Reached skill level 13 in Maces & Flails
  7314 | D:10     | Entered Level 10 of the Dungeon
  7572 | D:10     | Reached **** piety under Cheibriados
  7572 | D:10     | Noticed a centaur warrior
  7577 | D:10     | Killed a centaur warrior
  7654 | D:10     | Noticed a purple ugly thing
  7670 | D:10     | Reached skill level 5 in Spellcasting
  7708 | D:10     | Killed a purple ugly thing
  7750 | D:10     | Found Wupteq's Elemental Accessories.
  7986 | D:11     | Noticed a two-headed ogre
  7987 | D:11     | Noticed Maurice
  7993 | D:11     | Killed a two-headed ogre
  8097 | D:11     | Killed Maurice
  8121 | D:11     | Noticed a vault guard
  8122 | D:11     | Noticed a vault guard
  8122 | D:11     | Noticed a vault guard
  8128 | D:11     | Noticed a vault guard
  8140 | D:11     | Killed a vault guard
  8145 | D:11     | Killed a vault guard
  8215 | D:11     | Found a gate to the Vaults.
  8223 | D:11     | Noticed Urug
  8230 | D:11     | Reached XP level 12. HP: 122/135 MP: 20/20
  8239 | D:11     | Killed a vault guard
  8241 | D:11     | Killed Urug
  8242 | D:11     | Reached skill level 10 in Fighting
  8366 | D:11     | Noticed Psyche
  8372 | D:11     | Reached skill level 1 in Shields
  8377 | D:11     | Killed Psyche
  8408 | D:11     | Noticed a catoblepas
  8413 | D:11     | Killed a vault guard
  8424 | D:11     | Killed a catoblepas
  8526 | D:11     | Noticed Maksi666's ghost (journeyman MiBe)
  8547 | D:11     | Found a transporter.
  8552 | D:11     | Found a transporter.
  8686 | D:11     | Reached skill level 14 in Maces & Flails
  9027 | D:11     | Reached skill level 10 in Dodging
  9035 | D:11     | Killed Maksi666's ghost
  9121 | D:12     | Entered Level 12 of the Dungeon
  9373 | D:12     | Noticed a two-headed ogre
  9373 | D:12     | Noticed a tengu warrior
  9377 | D:12     | Killed a two-headed ogre
  9385 | D:12     | Killed a tengu warrior
  9386 | D:12     | Reached XP level 13. HP: 127/148 MP: 23/23
  9408 | D:12     | Identified the ring of Hepliaklqana's Reproof {+Fly rN+}
  9444 | D:12     | Found Binaad's Distillery.
  9485 | D:12     | Bought a potion of heal wounds for 80 gold pieces
  9549 | D:12     | Found a staircase to the Depths.
  9597 | D:12     | HP: 6/148 [phantasmal warrior[a vampire mage] (24)]
  9597 | D:12     | Mangled by a skeletal warrior

Skill      XL: |  1  2  3  4  5  6  7  8  9 10 11 12 13 |
---------------+----------------------------------------+-----
Dodging        | 3 4 5 6 7 8 9 10 | 10.4
Stealth        | 4 5 6 7 |  7.0
Maces & Flails | 2 3 6 8 11 12 13 14 | 14.6
Fighting       | 2 3 4 5 6 8 9 11 | 11.3
Spellcasting   | 1 3 4 5 6 |  6.9
Invocations    | 2 4 6 7 |  7.7
Shields        | 2 3 |  3.0
Throwing       | |  0.1
Unarmed Combat | |  0.5

Action                   |  1- 3 |  4- 6 |  7- 9 | 10-12 | 13-15 || total
-------------------------+-------+-------+-------+-------+-------++-------
Melee: Unarmed           |    19 |       |       |       |       ||    19
       Dagger            |   213 |   110 |       |       |       ||   323
       Punch             |     1 |       |       |     2 |       ||     3
       Demon whip        |       |    32 |   226 |   492 |    44 ||   794
       Quarterstaff      |       |       |       |    19 |       ||    19
 Fire: Blowgun           |       |       |       |     3 |       ||     3
Throw: Javelin           |       |       |       |     4 |       ||     4
Invok: Slouch            |       |       |       |     4 |       ||     4
Evoke: Wand              |       |       |       |       |     2 ||     2
  Use: Scroll            |       |     3 |       |     4 |     3 ||    10
       Potion            |       |       |       |       |     3 ||     3
 Stab: Sleeping          |     7 |     2 |     4 |    11 |       ||    24
       Distracted        |       |       |     1 |     2 |       ||     3
       Confused          |       |       |       |       |     2 ||     2
  Eat: Chunk             |     5 |     6 |    10 |    18 |       ||    39
Armor: Skin              |   139 |    75 |   108 |   273 |    24 ||   619
Dodge: Dodged            |   163 |    92 |    97 |   445 |    40 ||   837
Block: Other             |       |     7 |    19 |       |       ||    26
